 Dungeon Crawl Stone Soup version 0.29.1-1-gd02db6906a (webtiles) character file.

Game seed: 13254785685390087812

11918 experimilk the Thaumaturge (level 11, -2/94 HPs)
             Began as a Purple Draconian Fire Elementalist on Oct 22, 2022.
             Was an Initiate of Gozag.
             Slain by a two-headed ogre
             ... wielding a +0 giant club
              (25 damage)
             ... on level 11 of the Dungeon.
             The game lasted 01:14:43 (23488 turns).

experimilk the Thaumaturge (DrFE)                  Turns: 23488, Time: 01:14:44

Health: -2/94      AC: 11    Str: 10    XL:     11   Next: 55%
Magic:  23/33      EV: 18    Int: 20    God:    Gozag
Gold:   1467       SH:  0    Dex: 12    Spells: 2/28 levels left

rFire   + . .      SeeInvis .   a - staff of fire
rCold   . . .      Faith    .   (no shield)
rNeg    . . .      Spirit   .   (body armour unavailable)
rPois   .          Reflect  .   S - +2 hat
rElec   .          Harm     .   p - +0 cloak
rCorr   .          Rampage  .   (no gloves)
Will    +....                   j - +0 pair of boots
Stlth   ++........              (no amulet)
HPRegen 0.25/turn               e - +4 ring of evasion
MPRegen 0.23/turn               u - ring of magical power

@: no status effects
A: breathe power, AC +7, unfitting armour, cold-blooded
a: Breathe Dispelling Energy, Renounce Religion, Potion Petition, Call Merchant,
Bribe Branch


You were on level 11 of the Dungeon.
You worshipped Gozag.
Gozag was most pleased with you.
You visited 1 branch of the dungeon, and saw 11 of its levels.

You collected 2138 gold pieces.
You spent 612 gold pieces at shops.
You paid 59 gold pieces to Gozag.

Inventory:

Hand Weapons
 b - a +1 quarterstaff of speed
 c - a +3 quarterstaff of chaos
Missiles
 K - 2 throwing nets
Armour
 j - a +0 pair of boots (worn)
 p - a +0 cloak (worn)
 S - a +2 hat (worn)
Magical Staves
 a - a staff of fire (weapon)
Jewellery
 e - a +4 ring of evasion (left hand)
 i - a +4 ring of slaying
 n - a +6 ring of dexterity
 u - a ring of magical power (right hand)
 w - a ring of resist corrosion
 E - a ring of protection from cold
 T - a ring of flight
 V - a +6 ring of strength
Wands
 t - a wand of digging (4)
 x - a wand of flame (44)
 y - a wand of roots (22)
 D - a wand of charming (9)
 M - a wand of light (16)
 P - a wand of polymorph (7)
Scrolls
 l - 2 scrolls of blinking {unknown}
 m - a scroll of brand weapon {unknown}
 r - a scroll of magic mapping {unknown}
 v - a scroll of amnesia
 z - 2 scrolls of teleportation
 A - a scroll of immolation {unknown}
 B - a scroll of vulnerability {unknown}
 C - 3 scrolls of enchant armour {unknown}
 F - 3 scrolls of silence
 H - a scroll of enchant weapon {unknown}
 N - a scroll of fog {unknown}
 O - a scroll of noise {unknown}
 R - a scroll of poison {unknown}
Potions
 d - 3 potions of flight
 f - 5 potions of mutation
 g - 12 potions of curing
 h - 3 potions of invisibility
 k - 4 potions of heal wounds
 o - 3 potions of magic
 q - a potion of attraction
 s - 2 potions of ambrosia
 G - 2 potions of might
 I - 2 potions of berserk rage
 L - 4 potions of lignification
 Q - 2 potions of resistance
 U - 2 potions of cancellation


   Skills:
 - Level 8.0 Fighting
 - Level 4.0 Staves
 - Level 6.0 Dodging
 - Level 1.7 Stealth
 + Level 9.0 Spellcasting
 - Level 5.0 Conjurations
 - Level 6.0 Hexes
 - Level 8.0 Fire Magic
 - Level 8.0 Poison Magic


You had 2 spell levels left.
You knew the following spells:

 Your Spells              Type           Power      Damage    Failure   Level
a - Poisonous Vapours     Pois/Air       50%        N/A       2%          2
b - Foxfire               Conj/Fire      100%       2x1d9     1%          1
c - Flame Wave            Conj/Fire      51%        2d13      5%          4
e - Anguish               Hex/Necr       10%        N/A       22%         4
q - Inner Flame           Hex/Fire       53%        N/A       1%          3
s - Olgreb's Toxic Radia  Pois           41%        N/A       2%          4
w - Tukima's Dance        Hex            33%        N/A       1%          3
x - Conjure Flame         Conj/Fire      51%        6-21      1%          3
z - Scorch                Fire           100%       2d10      1%          2

Your spell library contained the following spells:

 Spells                   Type           Power      Damage    Failure   Level
 Sting                    Tmut/Pois      100%       1d8       1%          1
 Ensorcelled Hibernation  Hex/Ice        42%        N/A       3%          2
 Apportation              Tloc           18%        N/A       8%          1
 Necrotise                Necr           36%        1d5       8%          1
 Summon Small Mammal      Summ           36%        N/A       8%          1
 Sublimation of Blood     Necr           9%         N/A       12%         2
 Wereblood                Tmut           9%         N/A       12%         2
 Spider Form              Tmut/Pois      25%        N/A       4%          3
 Summon Guardian Golem    Hex/Summ       21%        N/A       7%          3
 Metabolic Englaciation   Hex/Ice        10%        N/A       52%         5
 Silence                  Hex/Air        10%        N/A       52%         5
 Yara's Violent Unravell  Hex/Tmut       10%        3d6       52%         5
 Dispel Undead            Necr           9%         3d8       58%         4
 Passage of Golubria      Tloc           9%         N/A       58%         4
 Petrify                  Tmut/Erth      9%         N/A       58%         4
 Summon Forest            Summ/Tloc      4%         N/A       91%         5
 Eringya's Noxious Bog    Tmut/Pois      12%        N/A       92%         6
 Death Channel            Necr           4%         N/A       100%        6
 Statue Form              Tmut/Erth      6%         N/A       100%        6
 Orb of Destruction       Conj           14%        9d7       100%        7
 Spellforged Servitor     Conj/Summ      9%         N/A       100%        7
 Summon Hydra             Summ           4%         N/A       100%        7
 Lehudib's Crystal Spear  Conj/Erth      9%         10d4      100%        8
 Corpse Rot               Necr/Pois/Air  Unusable   N/A       N/A         4

Dungeon Overview and Level Annotations

Branches:
Dungeon (11/15)            Temple (0/1) D:7            Lair (0/5) D:9
    Orc: D:9-12

Altars:
Cheibriados
Dithmenos
Elyvilon
Fedhas
Gozag
Hepliaklqana
Kikubaaqudgha
Okawaru
Trog
Uskayaw
Yredelemnul

Shops:
D:10 :(!

Annotations:
D:9 exclusion: obsidian statue


Innate Abilities, Weirdness & Mutations

You can breathe bolts of dispelling energy.
Your rich purple scales are hard. (AC +7)
You cannot fit into any form of body armour.
You are cold-blooded and may be slowed by cold attacks.


Message History

The two-headed ogre attacks as you move away!
The two-headed ogre barely misses you.
The two-headed ogre hits you with a +0 giant club!
The two-headed ogre looks more healthy.
Casting: Olgreb's Toxic Radiance (dangerous; 2% risk of failure)
Confirm with . or Enter, or press ? or * to list all spells.
Aiming: Poisonous Vapours (safe; 2% risk of failure)
Press: ? - help, Dir - move target, f/p - two-headed ogre
Aim: a two-headed ogre, wielding a +0 giant club (moderately wounded) Poisonous vapours surround the two-headed ogre!
The two-headed ogre is poisoned.
The two-headed ogre attacks as you move away!
The two-headed ogre misses you. The two-headed ogre barely misses you.
The two-headed ogre looks more healthy.
Casting: Poisonous Vapours (safe; 2% risk of failure)
Confirm with . or Enter, or press ? or * to list all spells.
Aiming: Poisonous Vapours (safe; 2% risk of failure)
Press: ? - help, Dir - move target, f/p - two-headed ogre
Aim: a two-headed ogre, wielding a +0 giant club (heavily wounded) Poisonous vapours surround the two-headed ogre!
The two-headed ogre is poisoned.
The two-headed ogre hits you with a +0 giant club!!
* * * LOW HITPOINT WARNING * * *
The two-headed ogre barely misses you.
The two-headed ogre looks more healthy.
Casting: Poisonous Vapours (safe; 2% risk of failure)
Confirm with . or Enter, or press ? or * to list all spells.
Aiming: Poisonous Vapours (safe; 2% risk of failure)
Press: ? - help, Dir - move target, f/p - two-headed ogre
Aim: a two-headed ogre, wielding a +0 giant club (severely wounded)
You miscast Poisonous Vapours.
You are very lightly contaminated with residual magic.
Nothing appears to happen.
The two-headed ogre attacks as you move away!
The two-headed ogre misses you. The two-headed ogre barely misses you.
Your magical contamination has completely faded away.
The two-headed ogre attacks as you move away!
The two-headed ogre hits you with a +0 giant club!!
You die...
Your body crumbles into a pile of gold.

#.
#.########.#####..
#. #.# #.# ##
##.##.## #.. ...
#......###########.#
#.#..........# #.#
#.#....####.# #.#
##.##.## #.# #.###
## #.# #.# #.... #@#
#.# #..## #O# #.#
#..# #.# ##.## #..#
#.# ##...## #..#
#.###.....## #..#
#..........###..#
####............#
#.......####.#
##...........#


You could see a two-headed ogre.

Vanquished Creatures
  A hydra (D:11)
  Pikel (D:8)
  An ugly thing (D:10)
  A cyclops (D:10)
  An elephant (D:9)
  5 centaur zombies (D:10)
  A gargoyle (D:11)
  An unseen horror zombie (D:10)
  An unseen horror (D:9)
  A kobold demonologist (D:9)
  2 trolls
  4 wyverns
  A wraith (D:11)
  A basilisk (D:9)
  Menkaure (D:4)
  3 orc warriors
  6 sky beasts
  3 black bears
  An ogre (D:5)
  2 centaurs (D:7)
  4 kobold brigands
  2 gnoll sergeants
  2 scorpions
  2 bullfrogs
  3 necrophages
  13 wights
  17 killer bees
  A troll skeleton (D:9)
  2 howler monkeys
  5 spriggan skeletons (D:9)
  2 lava snakes (D:10)
  4 hounds
  A human zombie (D:10)
  2 jellies
  8 orc priests
  Crazy Yiuf (D:2)
  3 iguanas
  Jessica (D:2)
  13 orc wizards
  3 mummies (D:10)
  19 gnolls
  4 adders
  2 white imps
  2 worms
  51 orcs
  6 endoplasms
  4 giant cockroaches
  12 goblins
  13 hobgoblins
  2 jackals (D:2)
  2 quokkas
  7 ball pythons
  3 bats
  2 frilled lizards
  17 kobolds
  5 rats
278 creatures vanquished.

Vanquished Creatures (collateral kills)
  A two-headed ogre (D:11)
1 creature vanquished.

Vanquished Creatures (others)
  Maurice (D:10)
  A dancing weapon (D:11)
  A quokka (D:10)
  367 foxfires
  4 fungi (D:9)
  A plant (D:9)
375 creatures vanquished.

Grand Total: 654 creatures vanquished

Notes
Turn   | Place    | Note
-------+----------+-------------------------------------------
     0 | D:1      | experimilk the Draconian Fire Elementalist began the quest
                  | for the Orb.
     0 | D:1      | Reached XP level 1. HP: 14/14 MP: 3/3
   729 | D:1      | Found a faded altar of an unknown god.
   733 | D:1      | Reached XP level 2. HP: 20/20 MP: 3/5
   739 | D:1      | Learned a level 2 spell: Scorch
  1879 | D:2      | Reached XP level 3. HP: 26/26 MP: 4/6
  2224 | D:2      | Noticed Jessica
  2232 | D:2      | Killed Jessica
  2233 | D:2      | Reached XP level 4. HP: 31/33 MP: 1/7
  2306 | D:2      | Learned a level 4 spell: Flame Wave
  2573 | D:2      | Found a runed translucent door.
  2574 | D:2      | Noticed Crazy Yiuf
  2657 | D:2      | Killed Crazy Yiuf
  3271 | D:2      | Reached XP level 5. HP: 33/38 MP: 0/8
  3716 | D:2      | Reached skill level 5 in Fire Magic
  5941 | D:4      | Reached XP level 6. HP: 39/45 MP: 1/9
  6027 | D:4      | Found an ancient bone altar of Kikubaaqudgha.
  6767 | D:4      | Noticed Menkaure
  6771 | D:4      | Killed Menkaure
  6772 | D:4      | Reached skill level 3 in Spellcasting
  6772 | D:4      | Your scales start taking on a rich purple colour.
  6772 | D:4      | Reached XP level 7. HP: 50/50 MP: 7/12
  6973 | D:4      | Found an iron altar of Okawaru.
  6974 | D:4      | Found a snail-covered altar of Cheibriados.
  6975 | D:4      | Found an opulent altar of Gozag.
  6975 | D:4      | Found a hide-covered altar of Uskayaw.
  7158 | D:4      | Became a worshipper of Gozag Ym Sagoz the Greedy
  7410 | D:5      | Entered Level 5 of the Dungeon
  7428 | D:5      | Reached skill level 4 in Spellcasting
  7468 | D:5      | Learned a level 3 spell: Inner Flame
  7520 | D:5      | Learned a level 2 spell: Poisonous Vapours
  7713 | D:5      | Reached skill level 5 in Conjurations
  7947 | D:5      | Reached skill level 1 in Poison Magic
  8742 | D:6      | Reached XP level 8. HP: 57/57 MP: 6/14
  8886 | D:6      | Found a runed translucent door.
  9144 | D:6      | Learned a level 4 spell: Olgreb's Toxic Radiance
  9619 | D:6      | Found a hazy altar of Hepliaklqana.
  9619 | D:6      | Found a shadowy altar of Dithmenos.
  9625 | D:6      | Reached skill level 5 in Spellcasting
 11787 | D:6      | Reached skill level 6 in Spellcasting
 12196 | D:7      | Reached skill level 1 in Fighting
 12196 | D:7      | Reached XP level 9. HP: 64/64 MP: 14/18
 13332 | D:7      | Found a staircase to the Ecumenical Temple.
 13388 | D:7      | Found a bloodstained altar of Trog.
 13506 | D:7      | Reached skill level 5 in Poison Magic
 15402 | D:8      | Noticed a troll
 15410 | D:8      | Killed a troll
 15411 | D:8      | Reached skill level 7 in Spellcasting
 15722 | D:8      | Reached skill level 5 in Fighting
 16177 | D:8      | Noticed Pikel
 16189 | D:8      | Killed Pikel
 16190 | D:8      | Reached XP level 10. HP: 41/83 MP: 17/21
 16439 | D:8      | Reached skill level 8 in Spellcasting
 16687 | D:8      | Identified the +3 chain mail of the Gardener {rPois rF+
                  | Str+4}
 16695 | D:8      | Learned a level 4 spell: Anguish
 16739 | D:8      | Found a blossoming altar of Fedhas.
 16932 | D:9      | Reached skill level 1 in Staves
 16932 | D:9      | Reached skill level 1 in Hexes
 17271 | D:9      | Noticed an obsidian statue
 17375 | D:9      | Noticed a rust devil
 17376 | D:9      | Noticed an orange demon
 17433 | D:9      | Reached skill level 5 in Dodging
 17441 | D:9      | Noticed an elephant
 18843 | D:9      | Found a staircase to the Lair.
 18854 | D:9      | Killed an elephant
 19957 | D:10     | Entered Level 10 of the Dungeon
 19972 | D:10     | Found Uxtigun's Antique Weapon Emporium.
 19979 | D:10     | Noticed Maurice
 19992 | D:10     | Killed Maurice
 20186 | D:10     | Found a white marble altar of Elyvilon.
 20288 | D:10     | Reached XP level 11. HP: 91/91 MP: 14/23
 20409 | D:10     | Learned a level 3 spell: Tukima's Dance
 20521 | D:10     | Noticed a green ugly thing
 21424 | D:10     | Found a basalt altar of Yredelemnul.
 21607 | D:10     | Killed a red ugly thing
 21883 | D:10     | Found Guathela's Book Emporium.
 22061 | D:10     | Found Ciosum's Distillery.
 22067 | D:10     | Bought a potion of resistance for 120 gold pieces
 22067 | D:10     | Bought a potion of cancellation for 96 gold pieces
 22067 | D:10     | Bought a potion of magic for 96 gold pieces
 22067 | D:10     | Bought a potion of magic for 96 gold pieces
 22067 | D:10     | Bought a potion of cancellation for 96 gold pieces
 22067 | D:10     | Bought 2 potions of curing for 72 gold pieces
 22067 | D:10     | Bought a potion of curing for 36 gold pieces
 22566 | D:11     | Noticed a two-headed ogre
 22582 | D:11     | Killed a two-headed ogre
 22583 | D:11     | Reached skill level 5 in Hexes
 23107 | D:11     | Noticed an eight-headed hydra
 23116 | D:11     | Killed an eight-headed hydra
 23117 | D:11     | Reached skill level 9 in Spellcasting
 23378 | D:11     | Learned a level 3 spell: Conjure Flame
 23426 | D:11     | Noticed a two-headed ogre
 23488 | D:11     | Slain by a two-headed ogre

Illustrated notes

Levels and vault maps discovered:
D:1:      dpeg_arrival_lava_temple_mockup, layout_loops_ring,
          ebering_ecumenical_altar_abandoned, serial_bayou_lagoon_b
D:2:      cheibrodos_greedy_goblins, layout_basic, uniq_crazy_yiuf_cottage,
          uniq_jessica
D:3:      layout_basic
D:4:      layout_loops_ring, mainiacjoe_overflow_alcove_1,
          mainiacjoe_overflow_alcove_3, uniq_menkaure
D:5:      layout_cave_pools
D:6:      layout_layer_cave, riverfiend_overflow_shadow_ancestor,
          lightli_church_of_beogh
D:7:      layout_layer_cave, kennysheep_mini, minmay_temple_entry_ruins,
          kennysheep_generic_room_13
D:8:      layout_cave_pools, kennysheep_mini_moat,
          dreamdust_deal_with_the_devil, minivault_24, uniq_pikel
D:9:      layout_roguey, david_lair_generic, minivault_16,
          hangedman_tell_no_tales
D:10:     kennysheep_big_flooded_room, layout_basic,
          lemuel_mausoleum_altar_yredelemnul, elyvilon_altar_4, serial_shops,
          nicolae_shop_advertising_works [nicolae_subvault_shop_adworks],
          nicolae_shop_stone, nicolae_lakefront_shop, grunt_decor_arrowhead,
          uniq_maurice
D:11:     layout_loops_ring

Skill      XL: |  1  2  3  4  5  6  7  8  9 10 11 |
---------------+----------------------------------+-----
Conjurations   | 2 3 4 5 |  5.0
Fire Magic     | 4 5 6 7 8 |  8.0
Spellcasting   | 3 4 6 7 8 9 |  9.0
Poison Magic   | 1 4 6 7 8 |  8.0
Dodging        | 3 4 6 |  6.0
Fighting       | 1 5 6 8 |  8.0
Staves         | 2 4 |  4.0
Hexes          | 3 6 |  6.0
Stealth        | |  1.7

Action                   |  1- 3 |  4- 6 |  7- 9 | 10-12 || total
-------------------------+-------+-------+-------+-------++-------
Melee: Club              |     4 |       |       |       ||     4
       Quarterstaff      |       |    21 |    45 |    17 ||    83
       Long sword        |       |     1 |       |       ||     1
       Tailslap          |       |     4 |     4 |     4 ||    12
       Staff             |       |       |       |     6 ||     6
 Cast: Foxfire           |    29 |    94 |    84 |     8 ||   215
       Scorch            |     9 |    26 |    76 |   151 ||   262
       Poisonous Vapours |       |       |    65 |    17 ||    82
       Inner Flame       |       |       |    10 |     4 ||    14
       Flame Wave        |       |       |     3 |    13 ||    16
       Olgreb's Toxic Ra |       |       |     4 |    18 ||    22
       Anguish           |       |       |       |     5 ||     5
       Tukima's Dance    |       |       |       |     6 ||     6
 Abil: Breathe Dispellin |       |       |     2 |       ||     2
Evoke: Wand              |       |       |     2 |     2 ||     4
  Use: Scroll            |     2 |     1 |     6 |     7 ||    16
       Potion            |       |       |     2 |     1 ||     3
Armor: Skin              |     4 |     9 |    23 |    50 ||    86
Dodge: Dodged            |     5 |    38 |    69 |   188 ||   300
